| TOP OF THE 1ST |
|
Jacksonville Suns batting - Pitching for Montgomery Rebels : RHP Ricardo Posada
|
|
Pitching: RHP Ricardo Posada
|
|
|
Batting: RHB Lyle Brackenridge
|
0-0: Swinging Strike 0-1: Ball 1-1: Called Strike 1-2: Strikes out looking
|
|
Batting: SHB Joe Morales
|
0-0: Ball 1-0: Ball 2-0: Foul Ball, location: 2F 2-1: Ground out U3 (Groundball, 3, EV 89.4 MPH)
|
|
Batting: LHB Andy Carlton
|
0-0: Ball 1-0: Ball 2-0: Foul Ball, location: 2F 2-1: Ball 3-1: Foul Ball, location: 2F 3-2: Base on Balls
|
|
Batting: RHB Edward Packard
|
0-0: Called Strike 0-1: Foul Ball, location: 2F 0-2: Ball 1-2: Ball 2-2: Foul Ball, location: 2F 2-2: Ball 3-2: Foul Ball, location: 2F 3-2: Strikes out swinging
|
| Top of the 1st over - 0 runs, 0 hits, 0 errors, 1 left on base; Jacksonville 0 - Montgomery 0 |
| BOTTOM OF THE 1ST |
|
Montgomery Rebels batting - Pitching for Jacksonville Suns : LHP Stephen Hartery
|
|
Pitching: LHP Stephen Hartery
|
|
|
Batting: LHB Chris Stropolo
|
0-0: Ball 1-0: Ball 2-0: Swinging Strike 2-1: Ball 3-1: Called Strike 3-2: Base on Balls
|
|
Batting: LHB Dustin Hipp
|
0-0: Ball 1-0: Fly out, F4 (Popup, 4D, EV 44.4 MPH)
|
|
Batting: LHB Greg Brock
|
0-0: Ball 1-0: Ball 2-0: Ball 3-0: Called Strike 3-1: Grounds into double play, 4-6-3 (Groundball, 34, EV 85.0 MPH)
|
| Bottom of the 1st over - 0 runs, 0 hits, 0 errors, 0 left on base; Jacksonville 0 - Montgomery 0 |
| TOP OF THE 2ND |
|
Jacksonville Suns batting - Pitching for Montgomery Rebels : RHP Ricardo Posada
|
|
Batting: LHB Pete M O'Brien
|
0-0: Swinging Strike 0-1: Called Strike 0-2: Ball 1-2: Ground out U3 (Groundball, 3, EV 108.1 MPH)
|
|
Batting: LHB Dave Baker
|
0-0: Foul Ball, location: 2F 0-1: Ground out 6-3 (Groundball, 6, EV 80.0 MPH)
|
|
Batting: LHB Michael Kelly
|
0-0: Ball 1-0: Ground out 6-3 (Groundball, 6, EV 90.0 MPH)
|
| Top of the 2nd over - 0 runs, 0 hits, 0 errors, 0 left on base; Jacksonville 0 - Montgomery 0 |
| BOTTOM OF THE 2ND |
|
Montgomery Rebels batting - Pitching for Jacksonville Suns : LHP Stephen Hartery
|
|
Batting: LHB Dwayne Murphy
|
0-0: Ball 1-0: Called Strike 1-1: Fly out, F9 (Flyball, 9S, EV 85.0 MPH)
|
|
Batting: RHB Roberto Palacios
|
0-0: Called Strike 0-1: Ball 1-1: Ball 2-1: Ground out 4-3 (Groundball, 4MD, EV 100.0 MPH)
|
|
Batting: LHB Dave Hudgens
|
0-0: SINGLE (Flyball, 78S, EV 90.6 MPH)
|
|
Batting: SHB Billy Malpas
|
0-0: Called Strike 0-1: Ball 1-1: Ball 2-1: Ball 3-1: Base on Balls Dave Hudgens to second
|
|
Batting: SHB Mike Thorpe
|
0-0: Ball 1-0: Foul Ball, location: 2F 1-1: Ball 2-1: SINGLE (Flyball, 8RS, EV 90.6 MPH) Dave Hudgens to third Billy Malpas to second Runner from 3rd tries for Home, SAFE, throw by CF to home
|
|
Batting: LHB Michael Shinn
|
0-0: Called Strike 0-1: Called Strike 0-2: Strikes out swinging
|
| Bottom of the 2nd over - 1 run, 2 hits, 0 errors, 2 left on base; Jacksonville 0 - Montgomery 1 |
| TOP OF THE 3RD |
|
Jacksonville Suns batting - Pitching for Montgomery Rebels : RHP Ricardo Posada
|
|
Batting: RHB Mark Nocciolo
|
0-0: Called Strike 0-1: Called Strike 0-2: Ball 1-2: Fly out, F3 (Popup, 3L, EV 59.4 MPH)
|
|
Batting: RHB Henry Powell
|
0-0: Called Strike 0-1: Called Strike 0-2: Strikes out swinging
|
|
Batting: RHB Lyle Brackenridge
|
0-0: Ball 1-0: Swinging Strike 1-1: Ball 2-1: Swinging Strike 2-2: Ball 3-2: Base on Balls
|
|
Batting: SHB Joe Morales
|
0-0: Ball 1-0: Ball 2-0: Swinging Strike 2-1: DOUBLE (Line Drive, 5D, EV 108.1 MPH) Lyle Brackenridge to third
|
|
Batting: LHB Andy Carlton
|
0-0: Called Strike 0-1: Ball 1-1: Called Strike 1-2: Strikes out swinging
|
| Top of the 3rd over - 0 runs, 1 hit, 0 errors, 2 left on base; Jacksonville 0 - Montgomery 1 |
| BOTTOM OF THE 3RD |
|
Montgomery Rebels batting - Pitching for Jacksonville Suns : LHP Stephen Hartery
|
|
Batting: LHB Chris Stropolo
|
0-0: Ball 1-0: Ball 2-0: Ball 3-0: Swinging Strike 3-1: Base on Balls
|
|
Batting: LHB Dustin Hipp
|
0-0: Foul Ball, location: 2F 0-1: Foul Ball, location: 2F 0-2: Ball 1-2: Strikes out swinging
|
|
Batting: LHB Greg Brock
|
0-0: Ball Chris Stropolo steals 2nd base (no throw) 1-0: Called Strike 1-1: Foul Ball, location: 2F 1-2: Ball 2-2: Ball 3-2: Fly out, F2 (Popup, 25F, EV 85.6 MPH)
|
|
Batting: LHB Dwayne Murphy
|
0-0: Called Strike 0-1: 2-RUN HOME RUN (Line Drive, 89XD, EV 105.6 MPH), Distance : 416 ft
|
|
Batting: RHB Roberto Palacios
|
0-0: Ground out 4-3 (Groundball, 4, EV 89.4 MPH)
|
| Bottom of the 3rd over - 2 runs, 1 hit, 0 errors, 0 left on base; Jacksonville 0 - Montgomery 3 |
| TOP OF THE 4TH |
|
Jacksonville Suns batting - Pitching for Montgomery Rebels : RHP Ricardo Posada
|
|
Batting: RHB Edward Packard
|
0-0: Ball 1-0: Ball 2-0: SINGLE (Groundball, 56D, EV 103.8 MPH)
|
|
Batting: LHB Pete M O'Brien
|
0-0: Fielders Choice at 2nd, 3-6 (Groundball, 3, EV 101.9 MPH)
|
|
Batting: LHB Dave Baker
|
0-0: Called Strike 0-1: Foul Ball, location: 2F 0-2: Strikes out swinging
|
|
Batting: LHB Michael Kelly
|
0-0: Fielders Choice at 2nd, 6-4 (Groundball, 56, EV 96.9 MPH)
|
| Top of the 4th over - 0 runs, 1 hit, 0 errors, 1 left on base; Jacksonville 0 - Montgomery 3 |
| BOTTOM OF THE 4TH |
|
Montgomery Rebels batting - Pitching for Jacksonville Suns : LHP Stephen Hartery
|
|
Batting: LHB Dave Hudgens
|
0-0: SINGLE (Flyball, 9LS, EV 90.0 MPH)
|
|
Batting: SHB Billy Malpas
|
0-0: Called Strike 0-1: Foul Ball, location: 2F 0-2: Foul Ball, location: 2F 0-2: Fly out, F7 (Flyball, 78D, EV 103.8 MPH)
|
|
Batting: SHB Mike Thorpe
|
0-0: Called Strike Dave Hudgens steals 2nd base (no throw) 0-1: Fly out, F8 (Line Drive, 8LM, EV 95.0 MPH)
|
|
Batting: LHB Michael Shinn
|
0-0: SINGLE (Groundball, 4S, EV 76.3 MPH) (infield hit) Dave Hudgens to third
|
|
Batting: LHB Chris Stropolo
|
0-0: Ground out 4-3 (Groundball, 4, EV 88.8 MPH)
|
| Bottom of the 4th over - 0 runs, 2 hits, 0 errors, 2 left on base; Jacksonville 0 - Montgomery 3 |
| TOP OF THE 5TH |
|
Jacksonville Suns batting - Pitching for Montgomery Rebels : RHP Ricardo Posada
|
|
Batting: RHB Mark Nocciolo
|
0-0: Ball 1-0: Ground out 4-3 (Groundball, 34, EV 108.1 MPH)
|
|
Batting: RHB Henry Powell
|
0-0: Ball 1-0: Foul Ball, location: 2F 1-1: Swinging Strike 1-2: Strikes out swinging
|
|
Batting: RHB Lyle Brackenridge
|
0-0: Ball 1-0: Ball 2-0: Ball 3-0: Called Strike 3-1: Foul Ball, location: 2F 3-2: Base on Balls
|
|
Batting: SHB Joe Morales
|
0-0: Called Strike 0-1: Ball 1-1: Ball 2-1: Ball 3-1: Foul Ball, location: 2F 3-2: Foul Ball, location: 2F 3-2: Ground out 4-3 (Groundball, 34, EV 98.1 MPH)
|
| Top of the 5th over - 0 runs, 0 hits, 0 errors, 1 left on base; Jacksonville 0 - Montgomery 3 |
| BOTTOM OF THE 5TH |
|
Montgomery Rebels batting - Pitching for Jacksonville Suns : LHP Stephen Hartery
|
|
Batting: LHB Dustin Hipp
|
0-0: Ball 1-0: Foul Ball, location: 2F 1-1: Ball 2-1: Fly out, F9 (Flyball, 89S, EV 73.8 MPH)
|
|
Batting: LHB Greg Brock
|
0-0: Called Strike 0-1: Foul Ball, location: 2F 0-2: Foul Ball, location: 2F 0-2: Foul Ball, location: 2F 0-2: Ground out U3 (Groundball, 3L, EV 81.3 MPH)
|
|
Batting: LHB Dwayne Murphy
|
0-0: Ball 1-0: Foul Ball, location: 2F 1-1: Foul Ball, location: 2F 1-2: SOLO HOME RUN (Flyball, 7LD, EV 95.6 MPH), Distance : 371 ft
|
|
Batting: RHB Roberto Palacios
|
0-0: Ball 1-0: Ball 2-0: Ball 3-0: Called Strike 3-1: Foul Ball, location: 2F 3-2: Foul Ball, location: 2F 3-2: Base on Balls
|
|
Batting: LHB Dave Hudgens
|
0-0: SINGLE (Line Drive, 56D, EV 105.6 MPH) Roberto Palacios to second
|
|
Batting: SHB Billy Malpas
|
0-0: Called Strike 0-1: Ball 1-1: Ball 2-1: Called Strike 2-2: Foul Ball, location: 2F 2-2: SINGLE (Line Drive, 4D, EV 103.8 MPH) Roberto Palacios to third Dave Hudgens to second
|
|
Batting: SHB Mike Thorpe
|
0-0: Called Strike 0-1: Ball 1-1: Called Strike 1-2: Fly out, F7 (Flyball, 7, EV 91.9 MPH)
|
| Bottom of the 5th over - 1 run, 3 hits, 0 errors, 3 left on base; Jacksonville 0 - Montgomery 4 |
| TOP OF THE 6TH |
|
Jacksonville Suns batting - Pitching for Montgomery Rebels : RHP Ricardo Posada
|
|
Batting: LHB Andy Carlton
|
0-0: Ball 1-0: Swinging Strike 1-1: Swinging Strike 1-2: Foul Ball, location: 2F 1-2: Foul Ball, location: 2F 1-2: Foul Ball, location: 2F 1-2: Ball 2-2: Ball 3-2: Base on Balls
|
|
Batting: RHB Edward Packard
|
0-0: Called Strike 0-1: Ball 1-1: Grounds into double play, 5-4-3 (Groundball, 56, EV 110.0 MPH)
|
|
Batting: LHB Pete M O'Brien
|
0-0: Ball 1-0: Fly out, F7 (Flyball, 78D, EV 83.8 MPH)
|
| Top of the 6th over - 0 runs, 0 hits, 0 errors, 0 left on base; Jacksonville 0 - Montgomery 4 |
| BOTTOM OF THE 6TH |
|
Montgomery Rebels batting - Pitching for Jacksonville Suns : LHP Stephen Hartery
|
|
Batting: LHB Michael Shinn
|
0-0: Ball 1-0: Ball 2-0: Ball 3-0: Base on Balls
|
|
Batting: LHB Chris Stropolo
|
0-0: Called Strike 0-1: Called Strike 0-2: Ball 1-2: Strikes out swinging
|
|
Batting: LHB Dustin Hipp
|
0-0: Ball 1-0: Ball 2-0: Fly out, F7 (Flyball, 7S, EV 85.0 MPH)
|
|
Batting: LHB Greg Brock
|
0-0: Called Strike 0-1: Ball 1-1: Ball 2-1: Ball 3-1: Foul Ball, location: 2F 3-2: Fly out, F7 (Flyball, 7LD, EV 103.8 MPH)
|
| Bottom of the 6th over - 0 runs, 0 hits, 0 errors, 1 left on base; Jacksonville 0 - Montgomery 4 |
| TOP OF THE 7TH |
|
Jacksonville Suns batting - Pitching for Montgomery Rebels : RHP Ricardo Posada
|
|
Batting: LHB Dave Baker
|
0-0: Ball 1-0: Foul Ball, location: 2F 1-1: Ball 2-1: Ground out 4-3 (Groundball, 4, EV 83.1 MPH)
|
|
Batting: LHB Michael Kelly
|
0-0: Ball 1-0: Called Strike 1-1: Ball 2-1: Ground out 5-3 (Groundball, 56, EV 87.5 MPH)
|
|
Batting: RHB Mark Nocciolo
|
0-0: Called Strike 0-1: Ground out 5-3 (Groundball, 56, EV 106.9 MPH)
|
| Top of the 7th over - 0 runs, 0 hits, 0 errors, 0 left on base; Jacksonville 0 - Montgomery 4 |
| BOTTOM OF THE 7TH |
|
Montgomery Rebels batting - Pitching for Jacksonville Suns : LHP Stephen Hartery
|
|
Pitching: RHP Michael Villegas
|
|
|
Batting: LHB Dwayne Murphy
|
0-0: Foul Ball, location: 2F 0-1: Ball 1-1: Swinging Strike 1-2: Ball 2-2: Ball 3-2: Base on Balls
|
|
Batting: RHB Roberto Palacios
|
Pickoff Throw to First - Error! E1 Dwayne Murphy to second 0-0: SINGLE (Groundball, 34D, EV 110.6 MPH) Dwayne Murphy to third
|
|
Batting: LHB Dave Hudgens
|
0-0: Called Strike 0-1: Ball 1-1: Ball 2-1: Ball 3-1: Swinging Strike 3-2: Fly out, F8 (Flyball, 8LD, EV 93.1 MPH) Runner from 3rd tags up, SCORES, no throw by CF
|
|
Batting: SHB Billy Malpas
|
0-0: Ball 1-0: Called Strike 1-1: Ball 2-1: Foul Ball, location: 2F 2-2: Ball 3-2: SINGLE (Line Drive, 7S, EV 101.3 MPH) Roberto Palacios to second
|
|
Batting: SHB Mike Thorpe
|
0-0: Ball 1-0: Ball 2-0: Swinging Strike 2-1: Ball 3-1: Called Strike 3-2: Base on Balls Roberto Palacios to third Billy Malpas to second
|
|
Batting: LHB Michael Shinn
|
0-0: Called Strike 0-1: Ball 1-1: Fielders Choice at 2nd, 4-6 (Groundball, 34, EV 101.9 MPH) Roberto Palacios scores Billy Malpas to third
|
|
Batting: LHB Chris Stropolo
|
0-0: Ball 1-0: Fly out, F5 (Line Drive, 5, EV 71.3 MPH)
|
| Bottom of the 7th over - 2 runs, 2 hits, 1 error, 2 left on base; Jacksonville 0 - Montgomery 6 |
| TOP OF THE 8TH |
|
Jacksonville Suns batting - Pitching for Montgomery Rebels : RHP Ricardo Posada
|
|
Batting: RHB Henry Powell
|
0-0: Fly out, F7 (Flyball, 78D, EV 104.4 MPH)
|
|
Batting: RHB Lyle Brackenridge
|
0-0: Called Strike 0-1: Called Strike 0-2: Ball 1-2: Ball 2-2: Strikes out swinging
|
|
Batting: SHB Joe Morales
|
0-0: Fly out, F6 (Popup, 6S, EV 78.1 MPH)
|
| Top of the 8th over - 0 runs, 0 hits, 0 errors, 0 left on base; Jacksonville 0 - Montgomery 6 |
| BOTTOM OF THE 8TH |
|
Montgomery Rebels batting - Pitching for Jacksonville Suns : RHP Michael Villegas
|
|
Batting: LHB Dustin Hipp
|
0-0: Ball 1-0: Foul Ball, location: 2F 1-1: Ball 2-1: Ball 3-1: Called Strike 3-2: Base on Balls
|
|
Batting: LHB Greg Brock
|
0-0: Ball 1-0: Grounds into double play, 4-6-3 (Groundball, 4MD, EV 82.5 MPH)
|
|
Batting: LHB Dwayne Murphy
|
0-0: Called Strike 0-1: Foul Ball, location: 2F 0-2: DOUBLE (Line Drive, 9D, EV 95.0 MPH)
|
|
Batting: RHB Roberto Palacios
|
0-0: Ball 1-0: Ball 2-0: Ground out 6-3 (Groundball, 56, EV 103.1 MPH)
|
| Bottom of the 8th over - 0 runs, 1 hit, 0 errors, 1 left on base; Jacksonville 0 - Montgomery 6 |
| TOP OF THE 9TH |
|
Jacksonville Suns batting - Pitching for Montgomery Rebels : RHP Ricardo Posada
|
|
Batting: LHB Andy Carlton
|
0-0: Called Strike 0-1: Swinging Strike 0-2: Foul Ball, location: 2F 0-2: Ball 1-2: Ball 2-2: Foul Ball, location: 2F 2-2: Foul Ball, location: 2F 2-2: Foul Ball, location: 2F 2-2: DOUBLE (Line Drive, 78D, EV 107.5 MPH)
|
|
Batting: RHB Edward Packard
|
0-0: Foul Ball, location: 2F 0-1: Ball 1-1: Foul Ball, location: 2F 1-2: Strikes out swinging
|
|
Batting: LHB Pete M O'Brien
|
0-0: Ball 1-0: Fly out, F4 (Flyball, 34D, EV 86.3 MPH)
|
|
Batting: LHB Dave Baker
|
0-0: Ball 1-0: Ball 2-0: Called Strike 2-1: Foul Ball, location: 2F 2-2: Ball 3-2: Ground out 6-3 (Groundball, 6, EV 83.1 MPH)
|
| Top of the 9th over - 0 runs, 1 hit, 0 errors, 1 left on base; Jacksonville 0 - Montgomery 6 |
|